 Dungeon Crawl Stone Soup version 0.23.2-40-g277498a001 (webtiles) character file.

Game seed: 11027786854245612475

91 Gandalf the Shield-Bearer (level 4, -7/28 HPs)
             Began as a Gargoyle Fighter on Sept 19, 2019.
             Mangled by Sigmund
             ... wielding a +0 scythe
              (10 damage)
             ... on level 2 of the Dungeon.
             The game lasted 00:02:50 (1114 turns).

Gandalf the Shield-Bearer (Gargoyle Fighter)        Turns: 1114, Time: 00:02:51

Health: -7/28      AC: 11    Str: 26    XL:     4   Next: 57%
Magic:  4/4        EV:  7    Int:  8    God:
Gold:   90         SH:  0    Dex:  9    Spells: 3/3 levels left

rFire    . . .     SeeInvis .   a - +0 flail
rCold    . . .     Gourm    .   c - +0 shield
rNeg     + . .     Faith    .   b - +0 scale mail
rPois    ∞         Spirit   .   (no helmet)
rElec    +         Reflect  .   (no cloak)
rCorr    .         Harm     .   h - +0 pair of gloves
MR       .....                  (no boots)
Stlth    ..........             (no amulet)
HPRegen  0.09/turn              (no ring)
MPRegen  0.09/turn              (no ring)

@: confused, mighty
A: negative energy resistance 1, electricity resistance, unbreathing,
petrification resistance, rot immunity, AC +3
a: no special abilities


You were on level 2 of the Dungeon.
You were not hungry.

You visited 1 branch of the dungeon, and saw 2 of its levels.

You collected 90 gold pieces.

Inventory:

Hand Weapons
 a - a +0 flail (weapon)
Armour
 b - a +0 scale mail (worn)
 c - a +0 shield (worn)
 h - a +0 pair of gloves (worn)
Scrolls
 e - 2 scrolls of identify
 g - 3 scrolls of remove curse
 i - a scroll of teleportation {unknown}
 j - a scroll of immolation {unknown}
Comestibles
 f - 5 rations


   Skills:
 + Level 3.5 Fighting
 * Level 3.3 Maces & Flails
 * Level 3.9 Armour
 + Level 0.2 Dodging
 + Level 4.0 Shields


You had 3 spell levels left.
You didn't know any spells.
Your spell library was empty.

Dungeon Overview and Level Annotations

Branches:
Dungeon (2/15)

Altars:

Annotations:
D:2 Sigmund


Innate Abilities, Weirdness & Mutations

You are resistant to torment.
Your stone body is resilient. (AC +3)
You are immune to poison.
You resist negative energy. (rN+)
You are resistant to electric shocks. (rElec)
You can survive without breathing.
You are immune to petrification.
You are immune to rotting.


Message History

Something hits you but does no damage.
You bludgeon the goblin!!
You kill the goblin!
You block something's attack.
You see here a hobgoblin corpse.
Something hits you. You block something's attack.
You see here a hobgoblin corpse.
You hear some strange, mumbled words.
You are confused.
You see here a hobgoblin corpse.
You're too confused to move!
Something hits you!
* * * LOW HITPOINT WARNING * * *
Something hits you but does no damage.
You bump into the rock wall.
Something hits you.
* * * LOW HITPOINT WARNING * * *
You see here a hobgoblin corpse.
You bump into the rock wall.
Something hits you!
You die...

#.## #.. #. #.# #
#.###########.#
####(#
#.##..........###
...%..
#.#.#.##........#
#.=....
#..###...####(#>#
.......
....#.####
#.#.##....#..
...#.##
#...@........
.....#
#.###{.......
...### #.#
#........
##.######## #.#
#.......#
##......... ...
[......##
...######## ###
###...## ##.#
..... #.# ...##
#.#


There were no monsters in sight!

Vanquished Creatures
  A crimson imp (D:2)
  An adder (D:2)
  3 dart slugs (D:1)
  6 giant cockroaches
  7 goblins
  7 hobgoblins
  7 bats
  2 frilled lizards
  A kobold (D:1)
  3 rats (D:1)
38 creatures vanquished.

Notes
Turn   | Place    | Note
-------+----------+-------------------------------------------
     0 | D:1      | Gandalf the Gargoyle Fighter began the quest for the Orb.
     0 | D:1      | Reached XP level 1. HP: 14/14 MP: 1/1
    72 | D:1      | Reached XP level 2. HP: 15/19 MP: 2/2
   312 | D:1      | Reached XP level 3. HP: 15/23 MP: 3/3
   875 | D:2      | Reached skill level 4 in Shields
   875 | D:2      | Reached XP level 4. HP: 14/28 MP: 4/4
  1088 | D:2      | Noticed Sigmund
  1114 | D:2      | Mangled by Sigmund

Skill      XL: |  1  2  3 |
---------------+----------+-----
Maces & Flails | 3 |  3.3
Shields        | 4 |  4.0
Fighting       | |  3.5
Armour         | |  3.9
Dodging        | |  0.2

Action                   |  1- 3 |  4- 6 || total
-------------------------+-------+-------++-------
Melee: Flail             |   145 |    35 ||   180
  Use: Scroll            |       |     1 ||     1
       Potion            |       |     1 ||     1
  Eat: Chunk             |       |     1 ||     1
Armor: Scale mail        |    81 |    29 ||   110
Dodge: Dodged            |    70 |     9 ||    79
Block: Shield            |    85 |    25 ||   110
